 Dungeon Crawl Stone Soup version 0.30.0-29-ga12c61a403 (webtiles) character file.

Game seed: 15950098031613869794

992 seaoflcl the Shield-Bearer (level 7, 0/63 HPs)
             Began as a Minotaur Fighter on June 9, 2023.
             Slain by a gnoll
             ... wielding a +0 halberd
             ... led by a gnoll sergeant
              (13 damage)
             ... on level 5 of the Dungeon.
             The game lasted 00:04:29 (4418 turns).

seaoflcl the Shield-Bearer (Minotaur Fighter)       Turns: 4418, Time: 00:04:29

Health: 0/63       AC:  7    Str: 22    XL:     7   Next: 98%
Magic:  6/6        EV:  7    Int:  5    God:
Gold:   190        SH: 15    Dex: 10    Spells: 6/6 levels left

rFire   . . .        f - +0 spear
rCold   . . .        v - +2 tower shield
rNeg    . . .        b - +0 scale mail
rPois   .            (helmet restricted)
rElec   .            (no cloak)
rCorr   .            (no gloves)
SInv    .            (no boots)
Will    .....        (no amulet) Stlth
                     (no ring)
HPRegen 0.30/turn    (no ring)
MPRegen 0.10/turn

%: no passive effects
@: mighty
A: horns 2, retaliatory headbutt
a: no special abilities


You were on level 5 of the Dungeon.
You visited 1 branch of the dungeon, and saw 5 of its levels.

You collected 190 gold pieces.

Inventory:

Hand Weapons
 a - a +0 rapier
 f - a +0 spear (weapon)
 A - a +1 short sword of draining
Missiles
 e - 7 poisoned darts (quivered)
Armour
 b - a +0 scale mail (worn)
 v - a +2 tower shield (worn)
Wands
 p - a wand of acid (21)
 C - a wand of iceblast (11)
Scrolls
 g - 2 scrolls of teleportation {unknown}
 j - a scroll of fog {unknown}
 m - 5 scrolls of identify {unknown}
 o - 3 scrolls of brand weapon {unknown}
 r - a scroll of vulnerability {unknown}
 s - 2 scrolls of fear {unknown}
 t - a scroll of magic mapping {unknown}
 u - 2 scrolls of blinking {unknown}
 w - a scroll of butterflies {unknown}
 y - 2 scrolls of noise {unknown}
 D - a scroll of amnesia {unknown}
Potions
 c - a potion of lignification {unknown}
 h - 3 potions of curing {unknown}
 i - 3 potions of mutation {unknown}
 k - 2 potions of ambrosia {unknown}
 l - a potion of brilliance {unknown}
 n - 2 potions of attraction {unknown}
 q - 5 potions of heal wounds {unknown}
 x - 2 potions of flight {unknown}
 z - 2 potions of haste {unknown}
 B - a potion of degeneration {unknown}
 E - a potion of magic {unknown}


   Skills:
 + Level 6.1 Fighting
 - Level 2.2 Short Blades
 + Level 4.6 Polearms
 + Level 3.7 Throwing
 + Level 6.1 Armour
 + Level 6.1 Shields


You had 6 spell levels left.
You didn't know any spells.
Your spell library contained the following spells:

 Spells                   Type           Power      Damage    Failure   Level
 Magic Dart               Conj           0%         1d3       100%        1
 Call Imp                 Summ           0%         N/A       100%        2
 Mephitic Cloud           Conj/Pois/Air  0%         N/A       100%        3


Dungeon Overview and Level Annotations

Branches:
Dungeon (5/15)
 Temple: D:4-7

Altars:
Kikubaaqudgha

Shops:
D:1 :


Innate Abilities, Weirdness & Mutations

You have a pair of horns on your head.
You reflexively headbutt those who attack you in melee.


Message History

The gnoll hits you but does no damage.
The gnoll sergeant hits you with a +0 vampiric spear.
You block the gnoll's attack.
You are too injured to fight recklessly!
You are too injured to fight recklessly!
You feel very mighty all of a sudden.
The gnoll hits you from afar with a +0 halberd.
The gnoll sergeant hits you with a +0 vampiric spear.
The gnoll sergeant draws strength from your wounds!
You block the gnoll's attack.
You are too injured to fight recklessly!
You are too injured to fight recklessly!
You are too injured to fight recklessly!
You are too injured to fight recklessly!
You are too injured to fight recklessly!
You are too injured to fight recklessly!
You are too injured to fight recklessly!
You are too injured to fight recklessly!
You are too injured to fight recklessly!
You are too injured to fight recklessly!
You are too injured to fight recklessly!
You are too injured to fight recklessly!
You are too injured to fight recklessly!
You are too injured to fight recklessly!
You are too injured to fight recklessly!
You hit the gnoll sergeant.
The gnoll sergeant is moderately wounded.
The gnoll hits you from afar with a +0 halberd!
* * * LOW HITPOINT WARNING * * *
You block the gnoll sergeant's attack. The gnoll hits you with a +0 club.
* * * LOW HITPOINT WARNING * * *
The gnoll shouts!
You hit the gnoll sergeant.
The gnoll sergeant is heavily wounded.
You block the gnoll's attack. x2; You block the gnoll sergeant's attack.
The gnoll hits you but does no damage.
You closely miss the gnoll sergeant.
The gnoll sergeant is heavily wounded.
The gnoll hits you from afar with a +0 halberd!
You die...

...# #..<..########.........##
...# #.....#......'.........#.
...# #.....#......#.........#.
...# #.....#......#.........'.
...# #.....#......#.........#.
...# #.....'......#.........#.
...# #.....#......#.........#.
...# #.....####+###.........'.
...######......g@gg..#.........#.
...#....#.####g####..#.........#.
...#......##.....##..'.........#.
...#......#.......#..#.........#.
...#......#.......#....####'####.
...#..........g....g...#.........
####......#.......#....#.........
..##....#.#.g.....#g...#.........
..##....#.##.....##....#......##.


You could see a gnoll sergeant and 3 gnolls.

Vanquished Creatures
  Prince Ribbit (D:5)
  Grinder (D:5)
  Eustachio (D:5)
  An ogre (D:4)
  A bullfrog (D:5)
  A scorpion (D:4)
  A howler monkey (D:5)
  2 hounds
  A sleepcap (D:4)
  An iguana (D:4)
  A gnoll (D:5)
  5 adders
  A dart slug (D:1)
  2 orcs (D:4)
  5 endoplasms
  4 giant cockroaches
  3 goblins
  5 hobgoblins
  2 jackals (D:2)
  3 quokkas
  7 ball pythons
  5 bats
  5 frilled lizards
  5 kobolds
  4 rats
68 creatures vanquished.

Notes
Turn   | Place    | Note
-------+----------+-------------------------------------------
     0 | D:1      | seaoflcl the Minotaur Fighter began the quest for the Orb.
     0 | D:1      | Reached XP level 1. HP: 19/19 MP: 0/0
   233 | D:1      | Reached XP level 2. HP: 27/27 MP: 1/1
   346 | D:1      | Found Qatotas's Book Shoppe.
   470 | D:1      | Found a faded altar of an unknown god.
   641 | D:2      | Reached skill level 1 in Polearms
   641 | D:2      | Reached XP level 3. HP: 33/33 MP: 2/2
   954 | D:2      | Reached skill level 1 in Throwing
  1597 | D:3      | Reached XP level 4. HP: 40/40 MP: 3/3
  2363 | D:4      | Noticed a scorpion
  2375 | D:4      | Killed a scorpion
  2376 | D:4      | Reached XP level 5. HP: 31/47 MP: 4/4
  2566 | D:4      | Noticed an ogre
  2579 | D:4      | Killed an ogre
  2638 | D:4      | Reached XP level 6. HP: 33/55 MP: 5/5
  2808 | D:4      | Reached skill level 5 in Shields
  2874 | D:4      | Reached skill level 5 in Armour
  3311 | D:5      | Entered Level 5 of the Dungeon
  3311 | D:5      | Noticed Eustachio
  3326 | D:5      | Killed Eustachio
  3327 | D:5      | Reached skill level 5 in Fighting
  3449 | D:5      | Found an ancient bone altar of Kikubaaqudgha.
  3497 | D:5      | Noticed Prince Ribbit
  3514 | D:5      | Killed Prince Ribbit
  3515 | D:5      | Reached XP level 7. HP: 55/61 MP: 6/6
  3782 | D:5      | Noticed Grinder
  3814 | D:5      | Paralysed by Grinder for 5 turns
  3841 | D:5      | HP: 3/61 [Grinder/nerve-wracking pain (6)]
  3843 | D:5      | Killed Grinder
  4418 | D:5      | Slain by a gnoll

Illustrated notes

Levels and vault maps discovered:
D:1:      dpeg_arrival_simpleton_c, layout_loops_ring,
          chequers_ecumenical_altar_simple, serial_shops, shop
D:2:      layout_loops_ring, minmay_tetromino_l2
D:3:      layout_basic, minivault_19
D:4:      layout_loops_ring, minmay_misc_feat_encased
D:5:      layout_gridville, old_standard_altar, minmay_temple_entry_ruins,
          uniq_grinder, uniq_eustachio, uniq_prince_ribbit1

Skill      XL: |  1  2  3  4  5  6  7 |
---------------+----------------------+-----
Fighting       | 4 5 6 |  6.1
Polearms       | 1 2 4 |  4.6
Armour         | 4 5 6 |  6.1
Shields        | 4 5 6 |  6.1
Throwing       | 1 2 3 |  3.7
Short Blades   | |  2.2

Action                     |  1- 3 |  4- 6 |  7- 9 || total
---------------------------+-------+-------+-------++-------
  Melee: Rapier            |    10 |       |       ||    10
         Spear             |   103 |   109 |    55 ||   267
         Headbutt          |     9 |    19 |    10 ||    38
  Throw: Dart              |       |    13 |     8 ||    21
    Use: Potion            |       |     1 |     1 ||     2
 Armour: Scale mail        |    31 |    52 |    10 ||    93
  Dodge: Dodged            |    30 |    26 |     9 ||    65
  Block: Buckler           |    11 |       |       ||    11
         Tower shield      |     7 |    92 |    46 ||   145
